BSA
ST. LOUIS BROWNS @ KANSAS CITY KINGS
08/15/2026
 
TOP OF THE 1ST
St. Louis Browns batting - Pitching for Kansas City Kings : LHP Francisco Morales
Pitching: LHP Francisco Morales
Batting: LHB Mike Hill 0-0: Foul Ball, location: 2F
0-1: Swinging Strike
0-2: Foul Ball, location: 2F
0-2: Foul Ball, location: 2F
0-2: Fly out, F8 (Flyball, 8LS)
Batting: RHB R.J. Parker 0-0: Called Strike
0-1: Foul Ball, location: 2F
0-2: Foul Ball, location: 2F
0-2: Ball
1-2: Strikes out swinging
Batting: LHB Stan Hickman 0-0: Foul Ball, location: 2F
0-1: Ball
1-1: Foul Ball, location: 2F
1-2: Ball
2-2: Ball
3-2: Ground out 4-3 (Groundball, 34)
Top of the 1st over - 0 run(s), 0 hit(s), 0 error(s), 0 left on base; St. Louis 0 - Kansas City 0
BOTTOM OF THE 1ST
Kansas City Kings batting - Pitching for St. Louis Browns : RHP Claudio Martínez
Pitching: RHP Claudio Martínez
Batting: LHB Brian Boone 0-0: Ball
1-0: Ground out 6-3 (Groundball, 6S)
Batting: SHB Víctor Serrano 0-0: Ball
1-0: Ground out U3 (Groundball, 3L)
Batting: RHB Toshimichi Kono 0-0: Called Strike
0-1: Ball
1-1: Ball
2-1: Ball
3-1: Base on Balls
Batting: LHB Pablo Reyes 0-0: Ball
1-0: Foul Ball, location: 2F
1-1: Foul Ball, location: 2F
1-2: Strikes out swinging
Bottom of the 1st over - 0 run(s), 0 hit(s), 0 error(s), 1 left on base; St. Louis 0 - Kansas City 0
TOP OF THE 2ND
St. Louis Browns batting - Pitching for Kansas City Kings : LHP Francisco Morales
Batting: RHB Carlos Alfaro 0-0: Called Strike
0-1: Called Strike
0-2: Ball
1-2: Ball
2-2: Hit by Pitch
Batting: RHB Mario Rosales 0-0: Fly out, F6 (Popup, 6)
Batting: RHB Will Brown 0-0: Called Strike
0-1: 2-RUN HOME RUN (Flyball, 78XD), Distance : 398 ft
Batting: LHB Clinton Clark 0-0: Swinging Strike
0-1: Called Strike
0-2: DOUBLE (Flyball, 8LXD) - OUT at third base trying to stretch hit.
Batting: SHB Ryobe Yamamoto 0-0: Swinging Strike
0-1: Called Strike
0-2: Ball
1-2: Fly out, F7 (Line Drive, 78M)
Top of the 2nd over - 2 run(s), 2 hit(s), 0 error(s), 0 left on base; St. Louis 2 - Kansas City 0
BOTTOM OF THE 2ND
Kansas City Kings batting - Pitching for St. Louis Browns : RHP Claudio Martínez
Batting: RHB Chris Chandler 0-0: Ball
1-0: Ball
2-0: Ball
3-0: Base on Balls
Batting: RHB Dave Parker 0-0: Fly out, F9 (Flyball, 89S)
Batting: RHB Adrian Prouse 0-0: Ball
1-0: Called Strike
1-1: Ball
2-1: Foul Ball, location: 2F
2-2: Ball
3-2: Foul Ball, location: 2F
3-2: Foul Ball, location: 2F
3-2: Foul Ball, location: 2F
3-2: Strikes out swinging
Batting: LHB Vic Robertson 0-0: Ball
Chris Chandler steals 2nd base
1-0: Foul Ball, location: 2F
1-1: Ball
2-1: Ball
3-1: Base on Balls
Batting: RHB Matt Richards 0-0: Called Strike
0-1: Called Strike
0-2: Strikes out swinging
Bottom of the 2nd over - 0 run(s), 0 hit(s), 0 error(s), 2 left on base; St. Louis 2 - Kansas City 0
TOP OF THE 3RD
St. Louis Browns batting - Pitching for Kansas City Kings : LHP Francisco Morales
Batting: RHB José Flores 0-0: Ball
1-0: Foul Ball, location: 2F
1-1: Foul Ball, location: 2F
1-2: Strikes out swinging
Batting: LHB Mike Hill 0-0: Called Strike
0-1: Reached on error, E5 (Groundball, 56S)
Batting: RHB R.J. Parker 0-0: Ball
1-0: Ball
2-0: Called Strike
2-1: Foul Ball, location: 2F
2-2: Fly out, F9 (Flyball, 89M)
Batting: LHB Stan Hickman 0-0: Ball
1-0: Foul Ball, location: 2F
1-1: Ball
2-1: Swinging Strike
2-2: Ball
3-2: SINGLE (Groundball, 34)
Mike Hill to second
Mike Hill to third
Batting: RHB Carlos Alfaro 0-0: Ball
1-0: Fly out, F8 (Flyball, 8LD)
Top of the 3rd over - 0 run(s), 1 hit(s), 1 error(s), 2 left on base; St. Louis 2 - Kansas City 0
BOTTOM OF THE 3RD
Kansas City Kings batting - Pitching for St. Louis Browns : RHP Claudio Martínez
Batting: LHB Brian Boone 0-0: Ball
1-0: Fly out, F9 (Flyball, 9M)
Batting: SHB Víctor Serrano 0-0: Foul Ball, location: 2F
0-1: Called Strike
0-2: Ball
1-2: Foul Ball, location: 2F
1-2: Ball
2-2: Ball
3-2: Foul Ball, location: 2F
3-2: Foul Ball, location: 2F
3-2: DOUBLE (Line Drive, 8RM)
Batting: RHB Toshimichi Kono 0-0: Ball
1-0: Ball
2-0: Foul Ball, location: 2F
2-1: Fly out, F7 (Flyball, 7D)
Runner from 2nd tags up, SAFE at 3rd, no throw
Batting: LHB Pablo Reyes 0-0: Called Strike
0-1: Ball
1-1: Ball
2-1: Foul Ball, location: 2F
2-2: Strikes out swinging
Bottom of the 3rd over - 0 run(s), 1 hit(s), 0 error(s), 1 left on base; St. Louis 2 - Kansas City 0
TOP OF THE 4TH
St. Louis Browns batting - Pitching for Kansas City Kings : LHP Francisco Morales
Batting: RHB Mario Rosales 0-0: Ball
1-0: Ball
2-0: SINGLE (Line Drive, 8LS)
Batting: RHB Will Brown 0-0: Ball
1-0: Foul Ball, location: 2F
1-1: Swinging Strike
1-2: Strikes out swinging
Batting: LHB Clinton Clark 0-0: Foul Ball, location: 2F
0-1: Swinging Strike
0-2: Ball
Mario Rosales is caught stealing 2nd base
1-2: Strikes out looking
Top of the 4th over - 0 run(s), 1 hit(s), 0 error(s), 0 left on base; St. Louis 2 - Kansas City 0
BOTTOM OF THE 4TH
Kansas City Kings batting - Pitching for St. Louis Browns : RHP Claudio Martínez
Batting: RHB Chris Chandler 0-0: Called Strike
0-1: Called Strike
0-2: Ball
1-2: Ball
2-2: SINGLE (Flyball, 6MD)
Batting: RHB Dave Parker 0-0: Ball
1-0: Called Strike
1-1: Foul Ball, location: 2F
1-2: Foul Ball, location: 2F
1-2: Ball
2-2: Strikes out swinging
Batting: RHB Adrian Prouse 0-0: Called Strike
0-1: Fly out, F9 (Flyball, 89M)
Batting: LHB Vic Robertson 0-0: Ball
Chris Chandler is caught stealing 2nd base
Bottom of the 4th over - 0 run(s), 1 hit(s), 0 error(s), 0 left on base; St. Louis 2 - Kansas City 0
TOP OF THE 5TH
St. Louis Browns batting - Pitching for Kansas City Kings : LHP Francisco Morales
Batting: SHB Ryobe Yamamoto 0-0: Ball
1-0: Ball
2-0: Called Strike
2-1: Ground out U3 (Groundball, 3S)
Batting: RHB José Flores 0-0: Ball
1-0: Foul Ball, location: 2F
1-1: Ball
2-1: Foul Ball, location: 2F
2-2: Strikes out looking
Batting: LHB Mike Hill 0-0: Ball
1-0: Swinging Strike
1-1: Ground out 1-3 (Groundball, 15)
Top of the 5th over - 0 run(s), 0 hit(s), 0 error(s), 0 left on base; St. Louis 2 - Kansas City 0
BOTTOM OF THE 5TH
Kansas City Kings batting - Pitching for St. Louis Browns : RHP Claudio Martínez
Batting: LHB Vic Robertson 0-0: Ball
1-0: Called Strike
1-1: Bunted foul
1-2: Foul Ball, location: 2F
1-2: Ground out 4-3 (Groundball, 34)
Batting: RHB Matt Richards 0-0: Ground out 5-3 (Groundball, 56S)
Batting: LHB Brian Boone 0-0: Ball
1-0: Fly out, F5 (Popup, 5S)
Bottom of the 5th over - 0 run(s), 0 hit(s), 0 error(s), 0 left on base; St. Louis 2 - Kansas City 0
TOP OF THE 6TH
St. Louis Browns batting - Pitching for Kansas City Kings : LHP Francisco Morales
Batting: RHB R.J. Parker 0-0: Ball
1-0: Ball
2-0: Called Strike
2-1: DOUBLE (Flyball, 7D)
Batting: LHB Stan Hickman 0-0: Called Strike
0-1: Called Strike
0-2: Ball
1-2: Ball
2-2: Foul Ball, location: 2F
2-2: DOUBLE (Line Drive, 89D)
R.J. Parker scores
Batting: RHB Carlos Alfaro 0-0: Intentional Walk
Batting: RHB Mario Rosales 0-0: SINGLE (Line Drive, 9S)
Stan Hickman to third
Carlos Alfaro to second
Batting: RHB Will Brown 0-0: Called Strike
0-1: Ball
1-1: Fly out, F3 (Popup, 3F)
Batting: LHB Clinton Clark 0-0: Ground out 5-3 (Groundball, 5S)
Stan Hickman scores
Carlos Alfaro to third
Mario Rosales to second
Batting: SHB Ryobe Yamamoto 0-0: Called Strike
0-1: Ball
1-1: Ball
2-1: SINGLE (Line Drive, 4D)
Carlos Alfaro scores
Mario Rosales to third
Runner from 3rd tries for Home, SAFE, no throw or cutoff
Batting: RHB José Flores 0-0: Called Strike
Ryobe Yamamoto steals 2nd base
0-1: DOUBLE (Line Drive, 5D)
Ryobe Yamamoto scores
Pitching: RHP Tom McConnell
Batting: LHB Mike Hill 0-0: Foul Ball, location: 2F
0-1: Ball
1-1: SINGLE (Line Drive, 8RS)
José Flores to third
Runner from 3rd tries for Home, SAFE, no throw or cutoff
Batting: RHB R.J. Parker 0-0: Ball
1-0: Foul Ball, location: 2F
1-1: Called Strike
1-2: Strikes out swinging
Top of the 6th over - 6 run(s), 6 hit(s), 0 error(s), 1 left on base; St. Louis 8 - Kansas City 0
BOTTOM OF THE 6TH
Kansas City Kings batting - Pitching for St. Louis Browns : RHP Claudio Martínez
Batting: SHB Víctor Serrano 0-0: Called Strike
0-1: Ball
1-1: Foul Ball, location: 2F
1-2: Ball
2-2: Ball
3-2: Foul Ball, location: 2F
3-2: Base on Balls
Batting: RHB Toshimichi Kono 0-0: Ball
1-0: Ball
2-0: Ball
3-0: Called Strike
3-1: Base on Balls
Víctor Serrano to second
Batting: LHB Pablo Reyes 0-0: 3-RUN HOME RUN (Line Drive, 78XD), Distance : 387 ft
Pitching: RHP Ramón Silva
Batting: RHB Chris Chandler 0-0: Ball
1-0: SINGLE (Line Drive, 8LS)
Batting: RHB Dave Parker 0-0: Called Strike
0-1: Ball
1-1: Swinging Strike
1-2: Foul Ball, location: 2F
1-2: Ball
2-2: Ball
3-2: Foul Ball, location: 2F
3-2: Ground out 4-3 (Groundball, 4)
Chris Chandler to second
Batting: RHB Adrian Prouse 0-0: Ball
1-0: Ball
2-0: Called Strike
2-1: Foul Ball, location: 2F
2-2: Foul Ball, location: 2F
2-2: Foul Ball, location: 2F
2-2: Foul Ball, location: 2F
2-2: Strikes out swinging
Batting: LHB Vic Robertson 0-0: Called Strike
0-1: Ball
Wild Pitch!
Chris Chandler to third
1-1: Ground out U3 (Groundball, 3L)
Bottom of the 6th over - 3 run(s), 2 hit(s), 0 error(s), 1 left on base; St. Louis 8 - Kansas City 3
TOP OF THE 7TH
St. Louis Browns batting - Pitching for Kansas City Kings : RHP Tom McConnell
Batting: LHB Stan Hickman 0-0: Called Strike
0-1: Ball
1-1: Ball
2-1: Foul Ball, location: 2F
2-2: Ball
3-2: Strikes out looking
Batting: RHB Carlos Alfaro 0-0: Called Strike
0-1: Swinging Strike
0-2: Ball
1-2: Foul Ball, location: 2F
1-2: SINGLE (Line Drive, 9S)
Batting: RHB Mario Rosales 0-0: Ball
1-0: Fielders Choice at 2nd, 5-4 (Groundball, 56)
Batting: RHB Will Brown 0-0: Ball
1-0: Ball
2-0: Swinging Strike
2-1: Foul Ball, location: 2F
2-2: Foul Ball, location: 2F
2-2: Strikes out looking
Top of the 7th over - 0 run(s), 1 hit(s), 0 error(s), 1 left on base; St. Louis 8 - Kansas City 3
BOTTOM OF THE 7TH
Kansas City Kings batting - Pitching for St. Louis Browns : RHP Ramón Silva
Batting: RHB Matt Richards 0-0: Ball
1-0: Foul Ball, location: 2F
1-1: Called Strike
1-2: Ball
2-2: Strikes out swinging
Batting: LHB Brian Boone 0-0: Called Strike
0-1: Ball
1-1: Ground out 4-3 (Groundball, 34)
Batting: SHB Víctor Serrano 0-0: Called Strike
0-1: Foul Ball, location: 2F
0-2: Strikes out swinging
Bottom of the 7th over - 0 run(s), 0 hit(s), 0 error(s), 0 left on base; St. Louis 8 - Kansas City 3
TOP OF THE 8TH
St. Louis Browns batting - Pitching for Kansas City Kings : RHP Tom McConnell
Batting: LHB Clinton Clark 0-0: Ball
1-0: Ball
2-0: Called Strike
2-1: Foul Ball, location: 2F
2-2: Foul Ball, location: 2F
2-2: Strikes out swinging
Batting: SHB Ryobe Yamamoto 0-0: Fly out, F8 (Flyball, 8LD)
Batting: RHB José Flores 0-0: Swinging Strike
0-1: Ball
1-1: Ball
2-1: Foul Ball, location: 2F
2-2: SINGLE (Line Drive, 56)
Batting: LHB Mike Hill 0-0: Ground out 1-3 (Groundball, 25)
Top of the 8th over - 0 run(s), 1 hit(s), 0 error(s), 1 left on base; St. Louis 8 - Kansas City 3
BOTTOM OF THE 8TH
Kansas City Kings batting - Pitching for St. Louis Browns : RHP Ramón Silva
Pitching: RHP Beau Brown
Batting: RHB Toshimichi Kono 0-0: Swinging Strike
0-1: Ball
1-1: Called Strike
1-2: Ball
2-2: Ball
3-2: Foul Ball, location: 2F
3-2: Base on Balls
Batting: LHB Pablo Reyes 0-0: Ball
1-0: Called Strike
1-1: SINGLE (Flyball, 6MD)
Toshimichi Kono to second
Batting: RHB Chris Chandler 0-0: Ball
1-0: Foul Ball, location: 2F
1-1: Foul Ball, location: 2F
1-2: Ball
2-2: Ball
3-2: Foul Ball, location: 2F
3-2: 3-RUN HOME RUN (Flyball, 7LD), Distance : 356 ft
Batting: RHB Dave Parker 0-0: Ball
1-0: Ball
2-0: Called Strike
2-1: Swinging Strike
2-2: Strikes out swinging
Batting: RHB Adrian Prouse 0-0: Called Strike
0-1: SINGLE (Groundball, 56D) (infield hit)
Pitching: LHP Miguel Martínez
Batting: LHB Vic Robertson 0-0: Ball
1-0: Called Strike
1-1: Foul Ball, location: 2F
1-2: Foul Ball, location: 2F
1-2: Grounds into double play, 5-4-3 (Groundball, 56)
Bottom of the 8th over - 3 run(s), 3 hit(s), 0 error(s), 0 left on base; St. Louis 8 - Kansas City 6
TOP OF THE 9TH
St. Louis Browns batting - Pitching for Kansas City Kings : RHP Tom McConnell
Batting: RHB R.J. Parker 0-0: Ball
1-0: Swinging Strike
1-1: Called Strike
1-2: Strikes out looking
Batting: LHB Stan Hickman 0-0: Called Strike
0-1: Foul Ball, location: 2F
0-2: Strikes out looking
Batting: RHB Carlos Alfaro 0-0: Ball
1-0: Ball
2-0: Ball
3-0: Called Strike
3-1: Foul Ball, location: 2F
3-2: Strikes out swinging
Top of the 9th over - 0 run(s), 0 hit(s), 0 error(s), 0 left on base; St. Louis 8 - Kansas City 6
BOTTOM OF THE 9TH
Kansas City Kings batting - Pitching for St. Louis Browns : LHP Miguel Martínez
Pitching: LHP Brent Miller
Batting: RHB Matt Richards 0-0: Ball
1-0: DOUBLE (Line Drive, 89XD)
Pinch Hitting: RHB Ron James 0-0: Ball
1-0: Ball
2-0: Called Strike
2-1: Called Strike
2-2: Fly out, F5 (Line Drive, 56)
Batting: SHB Víctor Serrano 0-0: Called Strike
0-1: Ball
1-1: Foul Ball, location: 2F
1-2: Foul Ball, location: 2F
1-2: Ground out 4-3 (Groundball, 4)
Matt Richards to third
Batting: RHB Toshimichi Kono 0-0: DOUBLE (Flyball, 78D)
Matt Richards scores
Batting: LHB Pablo Reyes 0-0: Foul Ball, location: 2F
0-1: Called Strike
0-2: Ball
1-2: Strikes out swinging
Bottom of the 9th over - 1 run(s), 2 hit(s), 0 error(s), 1 left on base; St. Louis 8 - Kansas City 7
Monday, December 5th, 2016 - OOTP Baseball 17.12 Build 75